Map: Curious Minds LE

Players

HeroMarine - Winner!

  • Race: Terran Terran
  • League: Master

Spirit (souL)

  • Race: Terran Terran
  • League: Master

Event: TSL 8

VOD

Have the link to the VOD?

Description

Time

  • Played on: Dec. 3, 2021, 12:13 p.m.
  • Length: 9:54

All games in this series

Show
View Real Time Build Order
Export as new Build Order

HeroMarine Terran - Winner!

Build Orders:  

Get SALT Encoding   

  12  0:00  SCV  
  13  0:12  SCV  
  14  0:16  Supply Depot  
  14  0:24  SCV  
  15  0:38  SCV  
  15  0:39  Barracks  
  15  0:42  Refinery  
  16  0:50  SCV  
  16  0:56  Refinery  
  17  1:02  SCV  
  18  1:14  SCV  
  19  1:26  Reaper, Orbital Command  
  19  1:27  Supply Depot  
  20  1:42  Factory  
  20  1:52  SCV  
  21  1:58  Reaper  
  22  2:04  SCV  
  23  2:16  SCV  
  23  2:19  Command Center  
  24  2:25  Hellion  
  24  2:28  SCV  
  27  2:31  Supply Depot  
  27  2:32  Barracks Reactor  
  27  2:40  SCV  
  28  2:47  Widow Mine  
  28  2:49  Starport  
  30  2:52  SCV  
  31  3:04  SCV  
  32  3:08  Factory Tech Lab  
  32  3:09  Marine x2  
  32  3:10  Refinery  
  34  3:16  SCV  
  35  3:25  Starport Tech Lab  
  35  3:26  Cyclone  
  38  3:28  SCV  
  38  3:31  Orbital Command  
  39  3:36  Marine x2  
  39  3:41  SCV  
  42  3:46  Raven  
  44  3:50  Supply Depot  
  44  3:53  SCV  
  46  3:57  SCV  
  47  4:05  SCV, Siege Tank  
  47  4:08  Marine  
  47  4:09  SCV, Marine  
  52  4:14  Supply Depot  
  53  4:17  SCV  
  53  4:21  SCV  
  55  4:28  Raven  
  55  4:29  SCV  
  58  4:33  SCV  
  58  4:37  Command Center  
  59  4:41  SCV  
  59  4:43  Marine x2  
  63  4:45  SCV  
  63  4:48  Siege Tank  
  63  4:51  Supply Depot  
  66  4:54  SCV  
  66  4:57  SCV  
  67  5:06  SCV  
  67  5:07  Refinery  
  69  5:09  SCV  
  69  5:15  Barracks  
  69  5:18  Barracks  
  69  5:19  SCV  
  69  5:20  Siege Tank  
  73  5:22  SCV  
  73  5:24  Viking  
  73  5:28  Viking  
  78  5:29  Stimpack  
  78  5:33  SCV  
  78  5:38  SCV  
  78  5:39  Supply Depot  
  77  5:45  SCV  
  77  5:48  Marine  
  79  5:50  SCV  
  79  5:55  Engineering Bay x2  
  80  5:57  SCV  
  80  6:00  Siege Tank, Viking  
  80  6:03  SCV, Viking  
  89  6:06  Marine  
  89  6:09  SCV  
  91  6:12  Barracks Reactor  
  91  6:13  Barracks Reactor  
  92  6:19  Orbital Command  
  92  6:22  SCV x2  
  92  6:24  Marine  
  94  6:30  Sensor Tower  
  92  6:33  Viking  
  92  6:34  Supply Depot, SCV, Viking  
  92  6:35  SCV  
  98  6:41  Siege Tank  
  98  6:46  Supply Depot x2  
  101  6:55  SCV x3, Marine x5  
  101  6:59  Supply Depot  
  109  7:08  SCV x3  
  112  7:09  Terran Infantry Weapons Level 1, Terran Infantry Armor Level 1  
  112  7:13  Barracks  
  112  7:14  Barracks  
  112  7:16  Supply Depot  
  112  7:19  Refinery  
  112  7:20  SCV x3, Marine  
  112  7:21  Refinery  
  112  7:22  Combat Shield  
  116  7:25  Marine x3  
  116  7:26  Marine  
  120  7:32  SCV  
  120  7:34  Viking x2  
  115  7:44  Marine x2  
  115  7:45  Marine x2  
  115  7:46  Siege Tank, Marine  
  115  7:50  SCV x2  
  115  7:51  SCV  
  111  8:02  Barracks Tech Lab x2, Marine x3  
  111  8:03  Marine  
  115  8:06  Marauder, Medivac x2  
  121  8:12  Command Center  
  121  8:13  Armory  
  121  8:18  SCV x3  
  121  8:19  Barracks  
  124  8:20  Marine  
  124  8:22  Marauder, Barracks x2  
  124  8:23  Marauder  
  124  8:24  Concussive Shells  
  129  8:27  Marauder  
  129  8:28  Siege Tank  
  129  8:32  Supply Depot  
  129  8:34  Supply Depot  
  134  8:37  Supply Depot  
  134  8:41  Medivac x2  
  136  8:43  Marine x3  
  141  8:53  Marine  
  141  8:55  Marauder x3  
  147  9:01  Marine x3  
  149  9:07  Siege Tank  
  152  9:10  Marine  
  152  9:16  Marauder x3  
  147  9:18  Medivac x2  
  147  9:19  Barracks Reactor, Marine x3  
  147  9:20  Barracks Tech Lab  
  147  9:21  Barracks Tech Lab  
Show
View Real Time Build Order
Export as new Build Order

Spirit Terran 

Build Orders: Mech 

Get SALT Encoding   

  12  0:00  SCV  
  13  0:12  SCV  
  14  0:17  Supply Depot  
  14  0:24  SCV  
  15  0:38  SCV  
  15  0:40  Barracks  
  16  0:47  Refinery  
  16  0:51  SCV  
  16  0:55  Refinery  
  17  1:03  SCV  
  18  1:15  SCV  
  19  1:27  Reaper  
  19  1:28  Orbital Command  
  19  1:29  Supply Depot  
  20  1:44  Factory  
  20  1:53  SCV  
  21  1:59  Reaper  
  22  2:05  SCV  
  23  2:17  Command Center  
  23  2:18  SCV  
  24  2:28  Hellion  
  26  2:30  SCV  
  26  2:32  Barracks Reactor  
  26  2:34  Supply Depot  
  27  2:42  SCV  
  28  2:49  Starport, Hellion  
  30  2:54  SCV  
  31  3:06  SCV  
  31  3:10  Marine x2  
  31  3:12  Factory Tech Lab  
  34  3:15  Refinery  
  34  3:18  SCV  
  35  3:26  Starport Tech Lab  
  35  3:28  Marine x2  
  35  3:30  SCV, Orbital Command  
  38  3:35  Cyclone  
  41  3:42  SCV, Refinery  
  41  3:46  Marine x2  
  44  3:50  Raven  
  46  3:57  Supply Depot  
  46  3:58  SCV  
  46  4:00  SCV  
  48  4:07  Cyclone  
  51  4:10  SCV  
  51  4:17  Factory, SCV  
  52  4:22  SCV  
  54  4:26  Factory  
  54  4:29  SCV  
  55  4:33  Marine x2  
  55  4:34  SCV  
  55  4:37  Supply Depot  
  58  4:42  Raven  
  58  4:44  SCV  
  61  4:47  SCV  
  62  4:59  SCV x2, Marine x2  
  66  5:01  Factory Reactor  
  66  5:03  Siege Tank  
  69  5:07  Supply Depot  
  69  5:09  Supply Depot  
  69  5:12  Factory Tech Lab  
  69  5:13  SCV  
  70  5:27  SCV  
  70  5:28  SCV  
  70  5:30  Supply Depot  
  70  5:32  Supply Depot, Infernal Pre-Igniter  
  70  5:34  Siege Tank  
  74  5:38  Viking  
  74  5:42  Viking  
  78  5:46  Siege Tank  
  81  5:51  Hellion x2  
  81  5:54  Concussive Shells, SCV  
  81  5:56  SCV  
  86  6:07  SCV  
  86  6:08  SCV, Viking  
  90  6:12  Viking  
  90  6:14  Hellion x2  
  98  6:18  Siege Tank  
  98  6:19  SCV  
  98  6:24  Supply Depot  
  100  6:26  Supply Depot  
  100  6:30  SCV  
  100  6:31  Supply Depot, SCV  
  100  6:42  SCV  
  100  6:46  Siege Tank, Viking x2  
  100  6:47  Hellion  
  110  6:49  Hellion  
  112  6:58  Siege Tank  
  115  7:08  Hellion  
  117  7:11  Hellion  
  117  7:12  Supply Depot  
  119  7:16  Viking  
  119  7:18  Command Center, Viking  
  123  7:23  Siege Tank  
  126  7:33  Siege Tank  
  94  7:44  Hellion  
  77  7:53  Hellion  
  77  7:55  Siege Tank  
  77  7:58  SCV x2  
  73  8:01  Viking  
  75  8:06  Siege Tank  
  75  8:07  Viking  
  75  8:10  Hellion, SCV x2, Refinery  
  84  8:14  Hellion, Refinery  
  86  8:22  SCV x2  
  88  8:30  Orbital Command  
  88  8:31  Hellion  
  90  8:34  SCV x2  
  90  8:35  Hellion  
  90  8:37  Viking x2  
  98  8:42  Siege Tank  
  98  8:46  SCV x2  
  106  8:57  Engineering Bay  
  106  8:58  SCV  
  106  8:59  SCV, Armory  
  106  9:00  Armory  
  106  9:02  SCV  
  113  9:10  SCV  
  113  9:11  SCV  
  113  9:14  SCV  
  101  9:17  Cyclone x2  
  101  9:18  Hellion  
  101  9:19  Hellion  
  101  9:22  Viking x2  
  101  9:23  SCV  
  116  9:28  SCV  
  116  9:29  SCV  
  95  9:35  SCV  
Tags
 
Composition
Mech
Event
TSL 8
Matchup
TvT
Race
Terran
Add a new tag
Caveats
  • Supply blocks, unpowered buildings, or Contaminate may cause inaccurate times.
  • Supply counts are checked every 10 seconds.